Map: Abyssal Reef LE

Players

SamuraiFunn - Winner!

  • Race: Protoss Protoss
  • Spawn Location: 11:00

A.I. 1 (Elite)

  • Race: Protoss Protoss
  • Spawn Location: 5:00

VOD

Have the link to the VOD?

Description

Time

  • Played on: Nov. 24, 2017, 11:06 p.m.
  • Length: 12:13
Show
View Real Time Build Order
Export as new Build Order

SamuraiFunn Protoss - Winner!

Build Orders: 1 Gate Expand, Dark Templar Rush 

Get SALT Encoding   

  12  0:01  Probe  
  13  0:13  Probe  
  14  0:19  Pylon  
  14  0:25  Probe  
  15  0:37  Probe  
  15  0:41  Gateway  
  16  0:49  Probe  
  17  0:50  Assimilator  
  17  1:01  Probe  
  18  1:10  Assimilator  
  18  1:27  Nexus  
  18  1:28  Probe  
  19  1:43  Cybernetics Core  
  19  1:49  Probe  
  20  2:07  Pylon  
  20  2:10  Probe  
  21  2:32  Twilight Council, Warp Gate (Chrono Boost)  
  21  2:34  Adept  
  23  2:41  Probe  
  24  2:47  Probe  
  25  3:01  Probe x2  
  27  3:22  Probe x2  
  29  3:29  Dark Shrine  
  29  3:36  Gateway  
  29  3:38  Gateway  
  29  3:40  Gateway  
  29  3:42  Gateway, Probe x2  
  29  3:48  Assimilator  
  31  3:50  Assimilator  
  31  3:54  Probe  
  31  3:55  Probe  
  33  4:09  Probe x2  
  35  4:22  Probe x2, Pylon  
  37  4:35  Pylon  
  37  4:45  Probe x2, Pylon  
  39  4:57  Probe x2  
  41  5:00  Pylon  
  41  5:04  Dark Templar x4  
  49  5:18  Probe x2  
  51  5:39  Dark Templar x4  
  59  5:55  Pylon  
  59  6:12  Dark Templar x3  
  65  6:29  Dark Templar  
  67  6:50  Pylon  
  67  6:51  Pylon  
  67  6:53  Pylon  
  67  6:58  Gateway  
  67  6:59  Gateway  
  67  7:02  Gateway  
  67  7:30  Probe  
  67  7:31  Probe  
  67  7:38  Nexus  
  67  7:39  Zealot x4  
  67  7:42  Assimilator  
  67  7:46  Assimilator  
  67  7:52  Charge (Chrono Boost)  
  67  7:54  Nexus  
  67  7:58  Assimilator  
  67  8:00  Assimilator  
  67  8:03  Pylon  
  67  8:04  Pylon  
  67  8:16  Probe x2  
  67  8:19  Pylon  
  67  8:20  Pylon  
  67  8:22  Pylon  
  67  8:28  Probe  
  67  8:29  Zealot x3  
  67  8:30  Zealot x2  
  67  8:31  Zealot x2  
  67  8:41  Probe x2  
  67  8:51  Stalker x2  
  67  8:52  Stalker x5  
  67  9:25  Gateway  
  67  9:27  Gateway  
  67  9:28  Dark Templar x2  
  67  9:29  Dark Templar x5  
  67  9:32  Gateway  
  67  9:56  Shadow Stride  
  67  10:04  Dark Templar x3  
  67  10:05  Dark Templar x4  
  67  10:24  Dark Templar x2  
  67  11:08  Probe x3  
  67  11:09  Probe  
  67  11:17  Dark Templar x5  
  67  11:19  Dark Templar  
  67  11:20  Probe x3, Dark Templar x4  
  67  11:21  Probe  
  67  11:50  Archon x7  
  67  11:51  Archon x6  
  67  11:52  Archon x4  
Show
View Real Time Build Order
Export as new Build Order

A.I. 1 (Elite) Protoss 

Build Orders: Blink Stalkers 

Get SALT Encoding   

  12  0:00  Probe  
  13  0:13  Probe  
  14  0:20  Pylon  
  14  0:25  Probe  
  15  0:38  Probe  
  16  0:48  Assimilator  
  16  0:50  Probe  
  16  0:51  Gateway  
  17  1:02  Probe, Pylon  
  18  1:14  Probe  
  19  1:26  Probe  
  20  1:38  Probe, Zealot, Assimilator  
  23  1:42  Cybernetics Core  
  23  1:50  Probe  
  24  2:03  Probe  
  25  2:12  Pylon  
  25  2:15  Probe  
  26  2:19  Stalker  
  26  2:22  Warp Gate  
  28  2:27  Probe  
  28  2:28  Twilight Council  
  29  2:37  Gateway  
  29  2:39  Probe  
  30  2:49  Stalker  
  32  2:51  Probe  
  33  3:04  Blink  
  33  3:10  Gateway  
  33  3:19  Stalker  
  35  3:25  Probe, Pylon  
  35  3:32  Stalker  
  37  3:37  Probe  
  38  3:49  Probe, Stalker  
  41  3:57  Stalker  
  41  4:02  Stalker  
  45  4:07  Pylon  
  45  4:19  Pylon, Stalker  
  47  4:35  Adept  
  49  4:40  Adept  
  51  4:46  Gateway  
  51  4:55  Adept  
  51  4:57  Zealot  
  55  5:00  Adept  
  57  5:15  Adept  
  57  5:17  Adept  
  57  5:21  Adept  
  63  5:24  Pylon  
  61  5:35  Zealot  
  63  5:37  Adept  
  63  5:42  Adept  
  65  5:47  Sentry  
  65  5:49  Pylon  
  58  6:15  Templar Archives  
  29  6:52  High Templar  
  19  7:00  Pylon  
Tags
 
Composition
Blink Stalkers
Matchup
PvP
Replay Pack
First 100 games
Spawn Locations
Cross Positions
Add a new tag
Caveats
  • Supply blocks, unpowered buildings, or Contaminate may cause inaccurate times.
  • Supply counts are checked every 10 seconds.